 Dungeon Crawl Stone Soup version 0.30-a0-777-ga9a30cbeda (webtiles) character file.

Game seed: 17178785451007291567

251037 mopl the Merfolkian Blade (level 19, -6/152 HPs)
             Began as a Merfolk Fighter on Feb 13, 2023.
             Was an Elder of Okawaru.
             Killed by a resonance strike
             ... invoked by a ragged hierophant
              (21 damage)
             ... in the Desolation of Salt on Feb 14, 2023.
             The game lasted 01:23:59 (33238 turns).

mopl the Merfolkian Blade (Merfolk Fighter)        Turns: 33238, Time: 01:24:00

Health: -6/152     AC: 27    Str: 26    XL:     19   Next: 64%
Magic:  22/26      EV: 17    Int:  9    God:    Okawaru [****..]
Gold:   2960       SH:  0    Dex: 13    Spells: 18/18 levels left

rFire   + . .      SeeInvis .    a - +9 triple sword (freeze)
rCold   . . .      Faith    .    (shield currently unavailable)
rNeg    + . .      Spirit   .    n - +4 chain mail {Will+}
rPois   +          Reflect  .    L - +1 helmet of the Lost Seas {+Blink}
rElec   .          Harm     .    J - +2 cloak {rPois}
rCorr   .          Rampage  .    H - +0 pair of gloves {Str+3}
Will    +....                    h - +0 pair of boots
Stlth   x                          - amulet of regeneration
HPRegen 1.25/turn                Y - ring of positive energy
MPRegen 0.20/turn                v - ring of protection from fire

@: weak-willed, heroic, finesse-ful, slowed, studying Ice Magic, very slow
A: (nimble swimmer 2), mertail
}: 2/15 runes: decaying, serpentine
a: Renounce Religion, Evoke Blink, Heroism, Finesse


You were in the Desolation of Salt.
You worshipped Okawaru.
Okawaru was greatly pleased with you.
You visited 7 branches of the dungeon, and saw 32 of its levels.
You visited the Abyss 1 time.
You also visited: Bailey, Ice Cave and Desolation.

You collected 4436 gold pieces.
You spent 1476 gold pieces at shops.

Inventory:

Hand Weapons
 a - a +9 triple sword of freezing (weapon)
 b - a +1 falchion of flaming
Missiles
 l - 3 curare-tipped darts
 t - 22 boomerangs
 B - 50 poisoned darts (quivered)
 I - 2 throwing nets
 U - 30 javelins
 V - 4 datura-tipped darts
Armour
 h - a +0 pair of boots (worn)
 n - a +4 chain mail of willpower (worn)
 H - a +0 pair of gloves of strength (worn)
 J - a +2 cloak of poison resistance (worn)
 L - the +1 helmet of the Lost Seas (worn) {+Blink}
   (You found it on level 6 of the Dungeon)

   +Blink:    It lets you blink.
Jewellery
 r - a ring of see invisible
 v - a ring of protection from fire (right hand)
 x - an amulet of regeneration (around neck)
 K - a ring of protection from cold
 Y - a ring of positive energy (left hand)
Wands
 p - a wand of digging (12)
 q - a wand of iceblast (25)
 E - a wand of flame (50)
 O - a wand of polymorph (5)
 S - a wand of mindburst (15)
 T - a wand of acid (14)
Scrolls
 i - 2 scrolls of poison
 s - a scroll of silence {!r}
 u - 13 scrolls of teleportation
 w - 4 scrolls of fog
 z - a scroll of blinking
 D - 9 scrolls of vulnerability
 G - 3 scrolls of fear
 W - a scroll of magic mapping
Potions
 d - 7 potions of might
 e - 6 potions of flight
 f - 4 potions of lignification {!q}
 g - 4 potions of haste
 k - 18 potions of curing
 m - 2 potions of berserk rage {!q}
 o - 6 potions of heal wounds
 A - a potion of magic
 N - 5 potions of cancellation
 P - 4 potions of ambrosia
 Q - a potion of resistance
 Z - 3 potions of invisibility
Miscellaneous
 c - a tin of tremorstones (2/2)
 M - a piece from Xom's chessboard (15/15)
 X - a condenser vane


   Skills:
 + Level 14.2(19.2) Fighting
 * Level 23.6(27) Long Blades
 + Level 12.3(17.3) Throwing
 + Level 10.2(15.2) Armour
 + Level 16.5(21.5) Dodging
 - Level 3.0(8.0) Shields
 - Level 10.0 Invocations
 + Level 12.5 Evocations


You had 18 spell levels left.
You didn't know any spells.
Your spell library contained the following spells:

 Spells                   Type           Power      Damage    Failure   Level
 Kiss of Death            Conj/Necr      0%         2d5       83%         1
 Necrotise                Necr           0%         1d4       83%         1
 Sandblast                Erth           0%         2d4       83%         1
 Shock                    Conj/Air       0%         1d3       83%         1
 Blink                    Tloc           0%         N/A       92%         2
 Ensorcelled Hibernation  Hex/Ice        0%         N/A       92%         2
 Lesser Beckoning         Tloc           0%         N/A       92%         2
 Momentum Strike          Conj/Tloc      0%         3d8       92%         2
 Passwall                 Tmut/Erth      0%         N/A       92%         2
 Confusing Touch          Hex            0%         N/A       99%         3
 Dazzling Flash           Conj/Hex       0%         N/A       99%         3
 Gell's Gravitas          Tloc           0%         N/A       99%         3
 Ignite Poison            Fire/Tmut/Pois 0%         N/A       99%         3
 Kindle Blastsparks       Fire/Tloc/Air  0%         2d10      99%         3
 Ozocubu's Armour         Ice            0%         N/A       99%         3
 Spider Form              Tmut/Pois      0%         N/A       99%         3
 Stone Arrow              Conj/Erth      0%         3d7       99%         3
 Swiftness                Air            0%         N/A       99%         3
 Teleport Other           Tloc           0%         N/A       99%         3
 Vampiric Draining        Necr           0%         2d6       99%         3
 Airstrike                Air            0%         2d(0-16)  100%        4
 Anguish                  Hex/Necr       0%         N/A       100%        4
 Dispel Undead            Necr           0%         3d6       100%        4
 Fulminant Prism          Conj/Hex       0%         3d5       100%        4
 Iskenderun's Mystic Bla  Conj/Tloc      0%         2d3       100%        4
 Passage of Golubria      Tloc           0%         N/A       100%        4
 Sticky Flame             Conj/Fire      0%         2d3       100%        4
 Agony                    Necr           0%         N/A       100%        5
 Lee's Rapid Deconstruct  Erth           0%         3d4*      100%        5
 Lightning Bolt           Conj/Air       0%         1d11      100%        5
 Yara's Violent Unravell  Hex/Tmut       0%         3d3       100%        5
 Iron Shot                Conj/Erth      0%         9d1       100%        6
 Starburst                Conj/Fire      0%         6d3       100%        6
 Statue Form              Tmut/Erth      0%         N/A       100%        6
 Ozocubu's Refrigeration  Ice            0%         4d7       100%        7
 Ignition                 Fire           0%         3d3       100%        8
 Summon Guardian Golem    Hex/Summ       Unusable   N/A       N/A         3
 Tukima's Dance           Hex            Unusable   N/A       N/A         3
 Summon Lightning Spire   Summ/Air       Unusable   N/A       N/A         4

Dungeon Overview and Level Annotations

Branches:
Dungeon (15/15)            Temple (1/1) D:4            Lair (5/5) D:9
  Swamp (4/4) Lair:2        Snake (4/4) Lair:3        Slime (0/5) Lair:4
    Orc (2/2) D:9             Elf (1/3) Orc:2        Vaults (0/5) D:13
 Depths (0/4) D:15         Bailey (visited)           IceCv (visited)
Desolation (1/1)

Altars:
Dithmenos
Fedhas
Hepliaklqana
Kikubaaqudgha
Nemelex Xobeh
Okawaru
Sif Muna
Vehumet
Wu Jian
Xom
Zin
Jiyva

Shops:
D:1 ?   D:5 =   D:7 [   D:9 ([   D:10 [   D:15 (   Orc:1 *   Orc:2 (**::(
Elf:1 :   Snake:1 **   Snake:4 *?

Annotations:
Swamp:2 bb
Snake:1 3 runed translucent doors, Stoves66's ghost, journeyman HOMo
Orc:2 2 transporters, bmj180's ghost, journeyman GrEE


Innate Abilities, Weirdness & Mutations

((You are very nimble when in or above water. (Stealth+, EV+, Speed+++)))
Your lower body shifts to a powerful aquatic tail in water.


Message History

You open the servant of whispers like a pillowcase!!!
You freeze the servant of whispers!
You kill the servant of whispers!
Okawaru accepts your kill.
The imperial myrmidon hits you with a +2 scimitar of holy wrath!
The servant of whispers hits you but does no damage.
You slice the guardian serpent!! You freeze the guardian serpent!
The guardian serpent is severely wounded.
You slice the guardian serpent!! You freeze the guardian serpent.
You kill the guardian serpent!
Okawaru accepts your kill. The imperial myrmidon misses you.
The saltling barely misses you.
The ragged hierophant hits you with a +0 rapier.
The ragged hierophant points at you and mumbles some strange words.
A blast of power from the earth and the saltlings strikes you!
The servant of whispers hits you but does no damage.
You slice the ragged hierophant like a ripe choko!!!
You freeze the ragged hierophant.
The ragged hierophant is moderately wounded.
You hear a shout!
A saltling comes into view.
The imperial myrmidon hits you with a +2 scimitar of holy wrath!!
* * * LOW HITPOINT WARNING * * *
The saltling hits you.
* * * LOW HITPOINT WARNING * * *
The saltling barely misses you.
Unknown command.
You feel much better.
The servant of whispers hits you but does no damage.
The ragged hierophant misses you.
The imperial myrmidon hits you with a +2 scimitar of holy wrath!
* * * LOW HITPOINT WARNING * * *
The saltling hits you!
* * * LOW HITPOINT WARNING * * *
The saltling completely misses you.
An imperial myrmidon comes into view. It is wielding a +3 arbalest.
The servant of whispers hits you but does no damage.
The ragged hierophant casts a spell at you.
A blast of power from the earth and the saltlings strikes you!
You die...

. ... .... #.#... .....
..9.# .#... ..... .....#
##..... .....
......######a............
....a9aa@9.9.............
......9a99...............
......9.9................
.........................
#########################
#########################
#########################
#########################
########################


You could see 2 ragged hierophants, a servant of whispers (stilling wind), 2
imperial myrmidons and 8 saltlings.

Vanquished Creatures
  the Lernaean hydra (Swamp:4)
  Rupert (D:14)
  A thorn hunter (Swamp:3)
  5 nagarajas (Snake:4)
  Roxanne (Snake:2)
  A deep elf sorcerer (Elf:1)
  The ghost of nuthulu the Tortoise, an adept GrFi of Okawaru (Swamp:4)
  An orc warlord (Orc:2)
  Aizul (Swamp:3)
  An ironbound preserver (D:13)
  A very ugly thing (IceCv)
  An eleionoma (Swamp:1)
  3 bunyips
  4 dire elephants (Lair:5)
  A deep elf annihilator (Elf:1)
  2 blizzard demons (IceCv)
  A shambling mangrove (Swamp:3)
  A servant of whispers (Desolation)
  A rakshasa (D:13)
  A caustic shrike simulacrum (IceCv)
  3 salamander tyrants (Snake:4)
  16 hydras
  Erolcha (D:9)
  21 anacondas
  A spriggan air mage (Swamp:4)
  A catoblepas (D:14)
  3 ghost crabs
  6 two-headed ogres
  4 boulder beetles
  A vampire mage (D:14)
  2 tengu warriors
  4 centaur warriors
  15 naga warriors
  10 alligators
  5 orc high priests
  8 death yaks
  A thrashing horror (Abyss:1)
  16 naga sharpshooters
  4 shock serpents
  2 deep elf knights (Elf:1)
  A storm dragon zombie (D:15)
  3 salamander mystics
  7 skeletal warriors
  A sixfirhy (Abyss:1)
  A spectral death yak (Lair:5)
  A spectral anaconda (Lair:5)
  A death drake (Swamp:4)
  2 skysharks
  2 goliath frogs (Swamp:3)
  A shadow demon (Swamp:2)
  3 spriggan druids
  2 sea snakes (Snake:3)
  5 spriggan simulacra (IceCv)
  11 swamp dragons
  16 bog bodies
  11 naga ritualists
  5 orc knights (Orc:2)
  A lindwurm (shapeshifter) (D:14)
  8 deep elf zephyrmancers (Elf:1)
  4 necromancers
  14 mana vipers
  2 obsidian statues
  9 deep elf pyromancers
  8 ugly things
  9 orc sorcerers
  A wizard (D:15)
  A wolf spider (Lair:4)
  5 cyclopes
  A fire giant zombie (D:15)
  A manticore (D:12)
  A frost giant zombie (D:15)
  23 salamanders
  7 will-o-the-wisps
  26 elephants
  8 guardian serpents
  45 black mambas
  2 dire elephant zombies (Lair:5)
  8 naga magi
  2 gargoyles (D:11)
  5 cane toads
  A smoke demon (Abyss:1)
  A molten gargoyle (Desolation)
  An unseen horror (D:13)
  A yaktaur (Desolation)
  2 rime drakes
  12 komodo dragons
  A freezing wraith (D:15)
  2 tengu conjurers (D:15)
  An ancient zyme (Abyss:1)
  11 ice devils (IceCv)
  The ghost of funkygono the Firebug, a novice GrFE of Vehumet (D:4)
  5 polar bears
  10 tyrant leeches
  2 bloated husks (Swamp:3)
  7 trolls
  Grinder (D:5)
  5 saltlings (Desolation)
  4 hornets
  3 blink frogs (Lair:1)
  3 spectral elephants (Lair:5)
  An ettin zombie (D:15)
  A large abomination (Abyss:1)
  10 slime creatures
  8 spriggans
  A shadow (D:12)
  A ynoxinul (Abyss:1)
  6 dire elephant simulacra (IceCv)
  A fire elemental (Elf:1)
  50 yaks
  3 basilisks
  2 small abominations (Abyss:1)
  A wraith (D:12)
  6 wyverns
  A steam dragon (Lair:1)
  2 death yak simulacra (Lair:5)
  2 spectral cane toads (Lair:5)
  8 minotaur simulacra (IceCv)
  Menkaure (D:5)
  20 vampire mosquitoes
  6 wargs
  41 nagas
  A harpy simulacrum (IceCv)
  15 swamp worms
  Edmund (D:4)
  2 acid dragons
  8 water moccasins
  6 swamp drakes
  31 orc warriors
  4 black bears
  3 ice beasts
  A sky beast (D:7)
  An ettin simulacrum (IceCv)
  An alligator simulacrum (IceCv)
  12 ogres
  3 elephant zombies (Lair:5)
  25 wolves
  2 elephant skeletons (Lair:5)
  13 centaurs
  2 phantoms (D:6)
  A kobold brigand (D:7)
  16 bullfrogs
  Blork the orc (D:5)
  5 deep troll simulacra (IceCv)
  A necrophage (D:6)
  2 cane toad simulacra (Lair:5)
  4 scorpions
  3 wights (D:7)
  A lindwurm simulacrum (IceCv)
  An elephant simulacrum (Lair:5)
  11 killer bees
  4 howler monkeys
  A lava snake (D:7)
  A jelly (D:5)
  6 hounds
  11 orc priests
  Crazy Yiuf (D:5)
  3 iguanas
  26 orc wizards
  4 gnolls (D:7)
  9 adders
  A white imp (D:7)
  5 worms
  2 dart slugs
  88 orcs
  2 ball pythons
  10 endoplasms
  3 giant cockroaches
  13 goblins
  6 hobgoblins
  5 jackals (D:2)
  12 kobolds
  3 quokkas
  7 bats
  2 frilled lizards
  4 rats
  2 briar patches (Swamp:2)
1072 creatures vanquished.

Vanquished Creatures (others)
  A deep elf pyromancer (D:13)
  6 bloated husks
  A water elemental (Elf:1)
  A swamp drake (Swamp:4)
  6 briar patches (Swamp:2)
  26 foxfires
  30 fungi
  20 plants
  35 withered plants
126 creatures vanquished.

Grand Total: 1198 creatures vanquished

Notes
Turn   | Place    | Note
-------+----------+-------------------------------------------
     0 | D:1      | mopl the Merfolk Fighter began the quest for the Orb.
     0 | D:1      | Reached XP level 1. HP: 18/18 MP: 1/1
   205 | D:1      | Reached XP level 2. HP: 24/24 MP: 2/2
   259 | D:1      | Reached skill level 1 in Dodging
   303 | D:1      | Found Zoav's Distillery.
   306 | D:1      | Bought a potion of curing for 30 gold pieces
   313 | D:1      | Reached skill level 3 in Long Blades
   399 | D:1      | Found The Oracle's Delphic Readings.
   407 | D:1      | Bought a scroll of identify for 24 gold pieces
   488 | D:2      | Reached XP level 3. HP: 29/29 MP: 3/3
   546 | D:2      | Found a radiant altar of Vehumet.
   789 | D:2      | Reached XP level 4. HP: 37/37 MP: 4/4
   814 | D:2      | Reached skill level 2 in Dodging
  1044 | D:2      | Got the Secrets of Hexes and the Familiar
  1169 | D:3      | Reached skill level 4 in Long Blades
  1653 | D:3      | Reached skill level 4 in Fighting
  1653 | D:3      | Reached XP level 5. HP: 42/42 MP: 5/5
  1929 | D:4      | Noticed a black bear
  1948 | D:4      | Killed a black bear
  1949 | D:4      | Reached skill level 5 in Long Blades
  1949 | D:4      | Reached skill level 3 in Armour
  1949 | D:4      | Reached skill level 3 in Dodging
  1949 | D:4      | Reached XP level 6. HP: 37/49 MP: 6/6
  1958 | D:4      | Noticed Edmund
  1979 | D:4      | Killed Edmund
  2017 | D:4      | Found an ornate altar of the Wu Jian Council.
  2121 | D:4      | Reached XP level 7. HP: 55/55 MP: 7/7
  2136 | D:4      | Reached skill level 4 in Dodging
  2234 | D:4      | Found a staircase to the Ecumenical Temple.
  2243 | Temple   | Entered the Ecumenical Temple
  2307 | Temple   | Became a worshipper of Warmaster Okawaru
  2345 | D:4      | Found a transporter.
  2347 | D:4      | Found a transporter.
  2347 | D:4      | Noticed funkygono's ghost (novice GrFE)
  2383 | D:4      | Reached skill level 6 in Long Blades
  2580 | D:5      | Entered Level 5 of the Dungeon
  2582 | D:5      | Noticed Grinder
  2595 | D:5      | Killed Grinder
  2595 | D:5      | Reached * piety under Okawaru
  2596 | D:5      | Reached skill level 5 in Fighting
  2596 | D:5      | Reached skill level 1 in Throwing
  2596 | D:5      | Reached skill level 1 in Invocations
  2629 | D:5      | Reached skill level 1 in Evocations
  2892 | D:1      | Bought a potion of might for 40 gold pieces
  2892 | D:1      | Bought a potion of lignification for 30 gold pieces
  2892 | D:1      | Bought a potion of heal wounds for 50 gold pieces
  2892 | D:1      | Bought a potion of might for 40 gold pieces
  3111 | D:5      | Noticed Menkaure
  3116 | D:5      | Killed Menkaure
  3117 | D:5      | Reached XP level 8. HP: 62/62 MP: 9/9
  3325 | D:5      | Found Melisses's Jewellery Boutique.
  3358 | D:5      | Reached skill level 2 in Invocations
  3370 | D:5      | Reached skill level 7 in Long Blades
  3370 | D:5      | Reached skill level 2 in Evocations
  3441 | D:5      | Noticed Blork the orc
  3452 | D:5      | Killed Blork the orc
  3453 | D:5      | Reached skill level 2 in Throwing
  3453 | D:5      | Reached skill level 5 in Dodging
  3492 | D:5      | Found a runed translucent door.
  3493 | D:5      | Noticed Crazy Yiuf
  3534 | D:5      | Reached ** piety under Okawaru
  3573 | D:5      | Killed Crazy Yiuf
  3968 | D:6      | Identified the +1 helmet of the Lost Seas {+Blink}
  4069 | D:6      | Reached skill level 3 in Invocations
  4069 | D:6      | Reached XP level 9. HP: 42/69 MP: 11/11
  4101 | D:6      | Reached skill level 8 in Long Blades
  4101 | D:6      | Reached skill level 4 in Armour
  4235 | D:6      | Reached skill level 3 in Evocations
  4331 | D:6      | Reached skill level 3 in Throwing
  4338 | D:6      | Reached skill level 6 in Fighting
  4338 | D:6      | Reached skill level 6 in Dodging
  4484 | D:7      | Found Deenid's Antique Armour Shoppe.
  4730 | D:7      | Found a glowing silver altar of Zin.
  4731 | D:7      | Noticed an angel
  4761 | D:7      | Reached *** piety under Okawaru
  4777 | D:7      | Reached skill level 9 in Long Blades
  4823 | D:7      | Found a shimmering altar of Xom.
  4896 | D:7      | Reached skill level 4 in Invocations
  5042 | D:7      | Reached skill level 15 in Long Blades
  5042 | D:7      | Reached XP level 10. HP: 77/77 MP: 13/13
  5130 | D:7      | Reached XP level 11. HP: 55/83 MP: 14/14
  5501 | D:7      | Reached skill level 4 in Evocations
  5699 | D:7      | Reached skill level 4 in Throwing
  5938 | D:1      | Bought a scroll of identify for 24 gold pieces
  5938 | D:1      | Bought a scroll of immolation for 48 gold pieces
  6132 | D:8      | Identified the +7 glaive of the Salmon {venom, rPois Will-
                  | Int+2}
  6157 | D:8      | Found a shimmering blue altar of Sif Muna.
  6157 | D:8      | Found a sparkling altar of Nemelex Xobeh.
  6158 | D:8      | Found a radiant altar of Vehumet.
  6339 | D:8      | Identified the +1 leather armour of the Lost Path {rF+
                  | Dex+3}
  6460 | D:8      | Found an ancient bone altar of Kikubaaqudgha.
  6595 | D:8      | Found a transporter.
  6694 | D:8      | Found a transporter.
  6996 | D:9      | Found Duatazic's Antique Weapon Shoppe.
  7040 | D:9      | Reached skill level 7 in Dodging
  7072 | D:9      | Noticed Erolcha
  7073 | D:9      | Found Zaokistupt's Armour Shop.
  7075 | D:9      | Found a staircase to the Orcish Mines.
  7172 | D:9      | Killed Erolcha
  7207 | D:9      | Found a flagged portal.
  7244 | Bailey   | Entered a bailey
  7414 | Bailey   | Reached **** piety under Okawaru
  7479 | Bailey   | Reached skill level 7 in Fighting
  7645 | Bailey   | Received a gift from Okawaru
  7653 | Bailey   | Reached skill level 5 in Invocations
  7948 | D:9      | Found a staircase to the Lair.
  8106 | D:10     | Entered Level 10 of the Dungeon
  8148 | D:10     | Found a shadowy altar of Dithmenos.
  8227 | D:10     | Found a hazy altar of Hepliaklqana.
  8275 | D:10     | Found Nysuapui's Armour Emporium.
  8526 | D:10     | Received a gift from Okawaru
  8566 | D:10     | Reached skill level 5 in Armour
  8575 | D:10     | Reached skill level 5 in Evocations
  8709 | D:10     | Reached skill level 5 in Throwing
  8715 | D:10     | Reached skill level 8 in Dodging
  8722 | D:10     | Reached skill level 16 in Long Blades
  9013 | D:11     | You fall into a shaft and drop 2 floors!
  9020 | D:13     | Noticed a boulder beetle
  9036 | D:13     | Killed a boulder beetle
  9037 | D:13     | Reached XP level 12. HP: 77/91 MP: 14/16
  9043 | D:13     | Noticed a two-headed ogre
  9057 | D:13     | Killed a two-headed ogre
  9127 | D:13     | Noticed a two-headed ogre
  9142 | D:13     | Killed a two-headed ogre
  9178 | D:13     | Received a gift from Okawaru
  9222 | D:13     | Noticed a boulder beetle
  9244 | D:13     | Killed a boulder beetle
  9246 | D:13     | Reached ***** piety under Okawaru
  9305 | D:13     | Noticed a tengu warrior
  9333 | D:13     | Reached skill level 6 in Invocations
  9349 | D:13     | Noticed a rakshasa
  9393 | D:13     | Killed a rakshasa
  9394 | D:13     | HP: 4/92 [white ugly thing (31)]
  9463 | D:13     | Noticed a centaur warrior
  9487 | D:13     | Reached skill level 8 in Fighting
  9806 | D:11     | Identified the +2 dagger of the Shimmering Gods {holy,
                  | rPois Str+2 Int+3}
  9911 | D:11     | Reached skill level 9 in Dodging
 10043 | D:11     | Reached skill level 6 in Evocations
 10094 | D:11     | Reached skill level 6 in Throwing
 10456 | D:12     | Received a gift from Okawaru
 10808 | D:12     | Reached skill level 17 in Long Blades
 10865 | D:12     | Reached XP level 13. HP: 98/99 MP: 18/18
 10871 | D:12     | Received a gift from Okawaru
 11189 | D:12     | HP: 1/99 [skeletal warrior/+0 long sword (19)]
 11349 | D:12     | Reached skill level 7 in Invocations
 11393 | D:12     | Reached skill level 6 in Armour
 11510 | D:13     | Received a gift from Okawaru
 11549 | D:13     | Noticed an ironbound preserver
 11584 | D:13     | Killed an ironbound preserver
 11584 | D:13     | Received a gift from Okawaru
 11598 | D:13     | Reached skill level 10 in Dodging
 11662 | D:13     | Found a gate to the Vaults.
 11779 | D:13     | Reached skill level 9 in Fighting
 12021 | D:13     | Identified a scroll of acquirement
 12022 | D:13     | Acquired 1030 gold pieces
 12156 | Lair:1   | Entered Level 1 of the Lair of Beasts
 12351 | Lair:1   | Reached skill level 7 in Evocations
 12428 | Lair:1   | Received a gift from Okawaru
 12433 | Lair:1   | Reached skill level 7 in Throwing
 12915 | Lair:2   | Found a staircase to the Swamp.
 12948 | Lair:2   | Reached skill level 18 in Long Blades
 12958 | Lair:2   | Reached XP level 14. HP: 105/108 MP: 19/19
 12970 | Lair:2   | Identified the +5 battleaxe "Fiweokko" {freeze, rElec rN+
                  | rCorr}
 13321 | Lair:2   | Received a gift from Okawaru
 13322 | Lair:2   | Reached skill level 8 in Invocations
 13776 | Lair:3   | Found a staircase to the Snake Pit.
 14161 | Lair:4   | Found a viscous altar of Jiyva.
 14163 | Lair:4   | Found a staircase to the Slime Pits.
 14188 | Lair:4   | Reached ****** piety under Okawaru
 14449 | Lair:4   | Reached skill level 11 in Dodging
 14454 | Lair:4   | Received a gift from Okawaru
 14842 | Lair:5   | Entered Level 5 of the Lair of Beasts
 14950 | Lair:5   | Reached skill level 8 in Evocations
 14967 | Lair:5   | Reached skill level 10 in Fighting
 15081 | Lair:5   | Reached skill level 7 in Armour
 15115 | Lair:5   | Reached skill level 8 in Throwing
 15394 | Lair:5   | Noticed a dire elephant
 15394 | Lair:5   | Noticed a dire elephant
 15408 | Lair:5   | Noticed a dire elephant
 15409 | Lair:5   | Noticed a dire elephant
 15425 | Lair:5   | Killed a dire elephant
 15431 | Lair:5   | Killed a dire elephant
 15431 | Lair:5   | Received a gift from Okawaru
 15432 | Lair:5   | Reached skill level 19 in Long Blades
 15441 | Lair:5   | Reached XP level 15. HP: 54/115 MP: 15/21
 15447 | Lair:5   | Reached skill level 9 in Invocations
 15495 | Lair:5   | Identified the ring "Poeti" {Ice rElec rCorr}
 15530 | Lair:5   | Received a gift from Okawaru
 15676 | Lair:5   | Received a gift from Okawaru
 15732 | Lair:5   | Reached skill level 12 in Dodging
 15798 | Lair:5   | Received a gift from Okawaru
 16299 | Orc:1    | Entered Level 1 of the Orcish Mines
 16309 | Abyss:1  | Found a corrupted altar of Lugonu.
 16309 | Abyss:1  | Cast into level 1 of the Abyss (orc)
 16353 | Abyss:1  | Identified the +3 long sword "Homapnop" {spect, rF+ rC+ rN+
                  | Dex-4} (Okawaru gifted it to you on level 1 of the Abyss)
 16353 | Abyss:1  | Received a gift from Okawaru
 16546 | Orc:1    | Escaped the Abyss
 16970 | Orc:1    | Found Barijis's Gadget Gallery.
 17014 | Orc:2    | Entered Level 2 of the Orcish Mines
 17214 | Orc:2    | Found Lumpa's Weapon Shoppe.
 17226 | Orc:2    | Found a transporter.
 17233 | Orc:2    | Noticed bmj180's ghost (journeyman GrEE)
 17300 | Orc:2    | Found a staircase to the Elven Halls.
 17321 | Orc:2    | Noticed an orc warlord
 17355 | Orc:2    | Killed an orc warlord
 17388 | Orc:2    | Found Istryradd's Weapon Boutique.
 17505 | Orc:2    | Received a gift from Okawaru
 17589 | Orc:2    | Reached skill level 9 in Evocations
 17677 | Orc:2    | Reached skill level 11 in Fighting
 17710 | Orc:2    | Found Wuotowk's Book Emporium.
 17710 | Orc:2    | Found Diguun's Assorted Antiques.
 17712 | Orc:2    | Found Vuemyff's Book Shop.
 17712 | Orc:2    | Found Bajokly's General Store.
 17736 | Orc:2    | Bought 2 scrolls of identify for 56 gold pieces
 17738 | Orc:2    | Bought a scroll of identify for 28 gold pieces
 17940 | Orc:2    | Found a transporter.
 18014 | Orc:2    | Reached skill level 9 in Throwing
 18367 | D:4      | Killed funkygono's ghost
 19034 | D:14     | Received a gift from Okawaru
 19097 | D:14     | Found an iron altar of Okawaru.
 19110 | D:14     | Identified the +6 mace of Gozag's Whim {venom, rN+}
 19222 | D:14     | Reached XP level 16. HP: 120/125 MP: 23/23
 19244 | D:14     | Noticed Rupert
 19248 | D:14     | Paralysed by Rupert for 3 turns
 19254 | D:14     | Killed Rupert
 19254 | D:14     | Received a gift from Okawaru
 19255 | D:14     | Reached skill level 20 in Long Blades
 19781 | D:14     | Reached skill level 10 in Invocations
 19873 | D:15     | Entered Level 15 of the Dungeon
 20001 | D:15     | Reached skill level 8 in Armour
 20064 | D:14     | Reached skill level 13 in Dodging
 20113 | D:15     | Found a staircase to the Depths.
 20508 | D:15     | Found Jirizyty's Weapon Shop.
 20883 | Snake:1  | Entered Level 1 of the Snake Pit
 20897 | Arena    | Entered the Arena
 20954 | Snake:1  | Received a gift from Okawaru
 21146 | Snake:1  | Received a gift from Okawaru
 21241 | Snake:1  | Identified the +0 ring mail of Egalitarianism {Will+ SInv}
 21332 | Snake:1  | Found a runed translucent gate.
 21332 | Snake:1  | Found a runed translucent gate.
 21332 | Snake:1  | Found a runed translucent gate.
 21500 | Snake:1  | Found Joyc Vei's Neck Hole.
 21585 | Snake:1  | Found Vusijaamp's Assorted Antiques.
 21702 | Snake:1  | Reached skill level 10 in Evocations
 21937 | Snake:1  | Noticed Stoves66's ghost (journeyman HOMo)
 21971 | Snake:1  | Bought an encrusted great sword for 448 gold pieces
 21971 | Snake:1  | Identified the +7 great sword of Embarrassment {protect,
                  | rPois rC+ Int+2} (You bought it in a shop on level 1 of the
                  | Snake Pit)
 22121 | Snake:2  | Reached skill level 10 in Throwing
 22310 | Snake:2  | Reached skill level 12 in Fighting
 22508 | Snake:2  | Reached skill level 21 in Long Blades
 22582 | Snake:2  | Reached XP level 17. HP: 114/133 MP: 20/24
 22587 | Snake:2  | Received a gift from Okawaru
 22790 | Snake:2  | Received a gift from Okawaru
 23025 | Snake:2  | Reached skill level 14 in Dodging
 23028 | Snake:2  | Identified Roxanne's Thoughts on Geology
 23028 | Snake:2  | Noticed Roxanne
 23050 | Snake:2  | Killed Roxanne
 23885 | Snake:3  | Received a gift from Okawaru
 24065 | Snake:3  | Received a gift from Okawaru
 24110 | Snake:3  | Reached skill level 9 in Armour
 24396 | Snake:3  | Identified the +3 double sword of Linearity {elec, rElec
                  | rF+ Str-3} (Okawaru gifted it to you on level 3 of the
                  | Snake Pit)
 24396 | Snake:3  | Received a gift from Okawaru
 24980 | Snake:4  | Entered Level 4 of the Snake Pit
 25147 | Snake:4  | Found Nuec's Magic Scroll Boutique.
 25153 | Snake:4  | Bought a scroll of teleportation for 66 gold pieces
 25153 | Snake:4  | Bought a scroll of teleportation for 66 gold pieces
 25153 | Snake:4  | Bought a scroll of teleportation for 66 gold pieces
 25153 | Snake:4  | Bought a scroll of teleportation for 66 gold pieces
 25153 | Snake:4  | Bought a scroll of vulnerability for 88 gold pieces
 25287 | Snake:4  | Found Izor's General Store.
 25291 | Snake:4  | Bought a potion of magic for 144 gold pieces
 25291 | Snake:4  | Bought a potion of heal wounds for 90 gold pieces
 25291 | Snake:4  | Bought a scroll of fear for 72 gold pieces
 25510 | Snake:4  | Reached skill level 11 in Evocations
 25819 | Snake:4  | Reached skill level 22 in Long Blades
 26013 | Snake:4  | Reached skill level 11 in Throwing
 26013 | Snake:4  | Reached XP level 18. HP: 76/142 MP: 25/25
 26500 | Snake:4  | Reached skill level 15 in Dodging
 26523 | Snake:4  | Received a gift from Okawaru
 26524 | Snake:4  | Reached skill level 13 in Fighting
 26789 | Snake:4  | Received a gift from Okawaru
 26915 | Snake:4  | Got a serpentine rune of Zot
 27335 | Swamp:1  | Entered Level 1 of the Swamp
 27914 | Swamp:2  | Found a transporter.
 27962 | Swamp:2  | Found a transporter.
 28140 | Swamp:2  | Identified the +4 plate armour of the Foremost Friars
                  | {-Cast Regen+ SInv} (Okawaru gifted it to you on level 2 of
                  | the Swamp)
 28140 | Swamp:2  | Received a gift from Okawaru
 28621 | Swamp:2  | Noticed a Brimstone Fiend
 29291 | Swamp:3  | Noticed Aizul
 29307 | Swamp:3  | Killed Aizul
 29784 | Swamp:4  | Entered Level 4 of the Swamp
 29784 | Swamp:4  | Found the +3 warlock's mirror {omnireflect}
 29784 | Swamp:4  | Found a frozen archway.
 29821 | IceCv    | Entered an ice cave
 30330 | IceCv    | Identified the +1 buckler of the Engineer {Rampage Will+
                  | rCorr}
 30906 | IceCv    | Reached skill level 23 in Long Blades
 31032 | Swamp:4  | Reached XP level 19. HP: 112/151 MP: 26/26
 31200 | Swamp:4  | Reached skill level 12 in Evocations
 31218 | Swamp:3  | Identified the +3 chain mail of Heyc {*Slow Str+5} (Okawaru
                  | gifted it to you on level 3 of the Swamp)
 31218 | Swamp:3  | Received a gift from Okawaru
 31227 | Swamp:3  | Reached skill level 16 in Dodging
 31428 | Swamp:3  | Reached skill level 10 in Armour
 31558 | Swamp:3  | Reached skill level 12 in Throwing
 31965 | Swamp:4  | Noticed the 27-headed Lernaean hydra
 32003 | Swamp:4  | Killed the 23-headed Lernaean hydra
 32004 | Swamp:4  | Reached skill level 14 in Fighting
 32406 | Swamp:4  | Found a runed translucent gate.
 32406 | Swamp:4  | Found a runed translucent gate.
 32406 | Swamp:4  | Found a runed translucent gate.
 32411 | Swamp:4  | Noticed nuthulu's ghost (adept GrFi)
 32462 | Swamp:4  | Got a decaying rune of Zot
 32549 | Swamp:4  | Killed nuthulu's ghost
 32767 | Elf:1    | Entered Level 1 of the Elven Halls
 33076 | Elf:1    | Found Ysuager's Book Shoppe.
 33120 | Elf:1    | Found a crumbling gateway.
 33128 | Desolati | Entered the Desolation of Salt
 33238 | Desolati | Killed from afar by a ragged hierophant

Illustrated notes

Levels and vault maps discovered:
D:1:      psy_arrival_basics, layout_basic, serial_shops,
          nicolae_shop_window_shopping, minmay_crystal_water,
          nicolae_nh_oracle_at_delphi
D:2:      layout_rooms, basic_altar, minmay_pentomino_q4
D:3:      layout_basic
D:4:      layout_basic, nzn_wu_jian_council_hall,
          minmay_temple_entry_glassed_door, gammafunk_ghost_arena,
          dreamdust_princess_corridor, uniq_edmund
D:5:      layout_basic, serial_shops, nicolae_square_shop, uniq_menkaure,
          uniq_grinder, uniq_crazy_yiuf_cottage, uniq_blork_the_orc
D:6:      lemuel_ice_spiral_2, layout_basic, grunt_ministairs_5
D:7:      layout_gridville, grunt_temple_overflow_order_and_chaos_1,
          serial_shops, nicolae_inconvenience_store
D:8:      layout_gridville, general_overflow_altar,
          gammafunk_temple_overflow_forgotten, nicolae_diode_stairs
D:9:      layout_rooms, dpeg_oklobed_lair, orc_david_3, serial_shops,
          shop_fountains, enter_bailey_3, corexii_leaking_fountain, uniq_erolcha
D:10:     layout_cave_pods, kennysheep_mini_moat, overflow_temple_1_default,
          serial_shops, shop, kennysheep_flooded_box
D:11:     layout_roguey
D:12:     layout_loops_cross, dk_noncrumbling_2
D:13:     layout_roguey, skrybe_vaults_entry_preservation
D:14:     layout_loops_corners, okawaru_ov_weapons_minmay, uniq_rupert
D:15:     gammafunk_depths_entry_grave, layout_irregular_city,
          nicolae_concentric_dashed_squares_mild, serial_shops,
          nicolae_diamond_shop
Temple:   nicolae_temple_figure_eight
Lair:1:   layout_chaotic_city
Lair:2:   layout_layer_cave, skrybe_swamp_entry_bodies,
          infiniplex_staircase_pool, serial_bayou_shore_b, lemuel_fruit_fields
Lair:3:   layout_big_grid, nicolae_snake_entry_squirm
Lair:4:   layout_roguey, slime_entry_1, nicolae_lair_run_with_the_wolves,
          grunt_megastairs_1
Lair:5:   due_jungle_book, layout_cellular_growth
Swamp:1:  layout_basic_swamp, hangedman_swamp_ruin_wall
Swamp:2:  gammafunk_worm_tunnel, layout_basic_swamp,
          evilmike_swamp_ruin_house_6, swamp_pool1, nicolae_swamp_big_swirl
Swamp:3:  layout_basic_swamp, serial_swamp_ruin, evilmike_swamp_ruin_house_1,
          evilmike_swamp_ruin_house_4, evilmike_swamp_ruin_rubble_1,
          swamp_pool1, nicolae_swamp_super_fun_site, uniq_aizul
Swamp:4:  grunt_swamp_rune_castle, layout_basic_swamp,
          ebering_ghost_rock_garden, portal_ice_cave_entry_pillars_1
Snake:1:  layout_cave_shapes, gammafunk_ghost_necromancy, serial_shops,
          nicolae_lakefront_shop, nicolae_shop_sticking_my_neck_out
Snake:2:  layout_chambers, nicolae_coiled_stairwell_down, uniq_roxanne
Snake:3:  layout_cave_town, minmay_snake_pond, grunt_megastairs_2
Snake:4:  grunt_snake_rune_pools, layout_gridlike, serial_shops, shop,
          minmay_shop_star
Orc:1:    layout_caves, nicolae_shop_gadgets
Orc:2:    st_orc_elflike, layout_caves, serial_shops, nicolae_square_shop,
          nicolae_shop_bloodbath_and_beyond, gammafunk_ghost_stat_death
Elf:1:    nicolae_elf_arrival_no_cutting_in_line, layout_gridlike, serial_shops,
          shop, portal_desolation_entry_nicolae_menacing_earthworks,
          minmay_elf_annihilation
Desolation

Skill      XL: |  1  2  3  4  5  6  7  8  9 10 11 12 13 14 15 16 17 18 19 |
---------------+----------------------------------------------------------+-----
Dodging        | 1 2 3 4 5 6 8 9 10 11 12 13 14 15 16 | 16.5
Long Blades    | 3 4 5 6 7 15 16 17 18 19 21 22 23 | 23.6
Fighting       | 4 5 6 7 8 9 10 11 12 13 14 | 14.2
Armour         | 3 4 5 6 7 8 9 10 | 10.2
Throwing       | 1 2 3 5 6 7 8 9 10 11 12 | 12.3
Invocations    | 1 3 4 5 6 7 8 9 10 | 10.0
Evocations     | 1 2 3 5 6 7 8 9 10 11 12 | 12.5
Shields        | |  3.0

Action                     |  1- 3 |  4- 6 |  7- 9 | 10-12 | 13-15 | 16-18 | 19-21 || total
---------------------------+-------+-------+-------+-------+-------+-------+-------++-------
  Melee: Long sword        |   131 |   164 |   425 |   199 |       |       |       ||   919
         Unarmed           |       |       |    14 |       |       |       |       ||    14
         Scimitar          |       |       |       |   803 |       |       |       ||   803
         Tailslap          |       |       |       |    18 |     5 |    22 |     2 ||    47
         Triple sword      |       |       |       |    43 |  1011 |  1395 |   276 ||  2725
         Falchion          |       |       |       |       |       |    36 |    91 ||   127
         Punch             |       |       |       |       |       |     3 |     5 ||     8
  Throw: Dart              |       |       |     7 |    40 |    42 |    23 |     4 ||   116
         Boomerang         |       |       |       |       |    11 |    67 |    19 ||    97
         Javelin           |       |       |       |       |       |       |    10 ||    10
 Invoke: Heroism           |       |       |     6 |    11 |    16 |    15 |    10 ||    58
         Finesse           |       |       |       |       |     2 |     2 |     3 ||     7
         Duel              |       |       |       |       |       |     1 |       ||     1
Ability: Evoke Blink       |       |       |       |     2 |     1 |    10 |     1 ||    14
  Evoke: Wand              |       |     3 |    10 |     5 |     1 |     4 |     2 ||    25
         Condenser vane    |       |       |       |       |       |     1 |       ||     1
    Use: Scroll            |       |       |     7 |    14 |    10 |     4 |       ||    35
         Potion            |       |       |     1 |     1 |       |     8 |     2 ||    12
   Stab: Confused          |       |       |       |       |       |       |     1 ||     1
 Armour: Scale mail        |    87 |    28 |       |       |       |       |       ||   115
         Chain mail        |       |    69 |   268 |    55 |    67 |   708 |   394 ||  1561
         Skin              |       |       |     2 |       |       |       |       ||     2
         Plate armour      |       |       |       |   344 |       |       |       ||   344
         Acid dragon scale |       |       |       |   147 |   303 |       |       ||   450
  Dodge: Dodged            |    59 |    64 |   217 |   534 |   740 |   792 |   422 ||  2828
  Block: Buckler           |    33 |    34 |   116 |   208 |       |       |       ||   391

Table legend: (Time is in decaauts)
 A = Elapsed time spent in this place.
 B = Non-inter-level travel time spent in this place.
 C = Inter-level travel time spent in this place.
 D = Time resting spent in this place.
 E = Time spent auto-exploring this place.
 F = Levels seen in this place.
 G = Mean time per level.
                   A        B        C        D        E       F      G
               +--------+--------+--------+--------+--------+-----+--------+
         Total |  31969 |  28593 |   3376 |   3421 |  16039 |  37 |  864.0 |
       Dungeon |  14022 |  12305 |   1717 |    669 |   7848 |  15 |  934.8 |
        Temple |     79 |     64 |     15 |      0 |     49 |   1 |   79.0 |
          Lair |   4591 |   3947 |    644 |     57 |   2778 |   5 |  918.2 |
         Swamp |   3516 |   3229 |    287 |   1094 |   1105 |   4 |  879.0 |
     Snake Pit |   5861 |   5289 |    572 |    951 |   2729 |   4 | 1465.2 |
  Orcish Mines |   1605 |   1466 |    139 |     39 |   1012 |   2 |  802.5 |
   Elven Halls |    325 |    325 |      0 |      0 |      0 |   1 |  325.0 |
         Abyss |    229 |    229 |      0 |     62 |     83 |   1 |  229.0 |
        Bailey |    509 |    509 |      0 |      0 |    156 |   1 |  509.0 |
      Ice Cave |   1120 |   1120 |      0 |    548 |    276 |   1 | 1120.0 |
    Desolation |     94 |     94 |      0 |      0 |      0 |   1 |   94.0 |
         Arena |     13 |     13 |      0 |      0 |      0 |   1 |   13.0 |
               +--------+--------+--------+--------+--------+-----+--------+

Top non-repeatable levels by time:
 Snake:4: 1754 daAuts
 Swamp:3: 1504 daAuts
 Snake:2: 1453 daAuts
 Snake:3: 1434 daAuts
     D:7: 1375 daAuts
    D:12: 1311 daAuts
  Lair:5: 1255 daAuts
 Snake:1: 1219 daAuts
     D:5: 1183 daAuts
    D:14: 1139 daAuts
    D:13: 1132 daAuts
   IceCv: 1120 daAuts
   Orc:2: 1058 daAuts
  Lair:1: 974 daAuts
     D:8: 932 daAuts
